 Dungeon Crawl Stone Soup version 0.18.1-50-g88ac8fd (webtiles) character file.

8 Goblin1989 the Firebug (level 2, 19/19 HPs)
             Began as a Demonspawn Fire Elementalist on Sept 18, 2017.
             Quit the game on level 1 of the Dungeon.
             The game lasted 00:01:17 (294 turns).

Goblin1989 the Firebug (DsFE)                        Turns: 294, Time: 00:01:18

Health: 19/19      AC:  2    Str:  8    XL:     2   Next: 0%
Magic:  5/5        EV: 12    Int: 16    God:
Gold:   0          SH:  0    Dex: 13    Spells: 1 memorised, 4 levels left

rFire  . . .     SeeInvis .     f - +0 club
rCold  . . .     Gourm    .     a - +0 robe
rNeg   . . .     Faith    .     (no shield)
rPois  .         Spirit   .     (no helmet)
rElec  .         Dismiss  .     (no cloak)
rCorr  .         Reflect  .     (no gloves)
SustAt .         Harm     .     (no boots)
MR     .....                    (no amulet)
Stlth  ++........               (no ring)
                                (no ring)

@: not resistant to hostile enchantments, unstealthy
A: demonic guardian 1
a: no special abilities


You were on level 1 of the Dungeon.
You were not hungry.

You visited 1 branch of the dungeon, and saw 1 of its levels.

Inventory:

Hand Weapons
 f - a +0 club (weapon)
Armour
 a - a +0 robe (worn)
Scrolls
 h - a scroll of remove curse {unknown}
Books
 b - a book of Flames

   Spells                             Type                      Level
   a - Flame Tongue                   Conjuration/Fire             1
   b - Throw Flame                    Conjuration/Fire             2
   c - Conjure Flame                  Conjuration/Fire             3
   d - Inner Flame                    Hexes/Fire                   3
   e - Sticky Flame                   Conjuration/Fire             4
   f - Fireball                       Conjuration/Fire             5
Comestibles
 e - a bread ration {@e1}
 g - 2 chunks of flesh
 i - a meat ration {@e2}


   Skills:
 - Level 1.7 Dodging
 - Level 1.7 Stealth
 + Level 2.1 Spellcasting
 * Level 1.6 Conjurations
 * Level 2.8 Fire Magic


You had 4 spell levels left.
You knew the following spells:

 Your Spells              Type           Power        Failure   Level  Hunger
a - Flame Tongue          Conj/Fire      #....        10%         1    #......


Dungeon Overview and Level Annotations

Branches:
Dungeon (1/15)

Altars:


Innate Abilities, Weirdness & Mutations

A weak demonic guardian rushes to your aid.


Message History

Confirm with . or Enter, or press ? or * to list all spells.
You don't have enough magic to cast that spell.
Unknown command.
You barely miss the giant gecko.
The giant gecko is moderately wounded.
The giant gecko barely misses you. The giant gecko bites you.
You take 4 damage, and have 9/13 hp.
MASSIVE DAMAGE!!
You barely miss the giant gecko.
The giant gecko is moderately wounded.
The giant gecko misses you.
Your magical contamination has completely faded away.
You barely miss the giant gecko.
The giant gecko is moderately wounded.
The giant gecko hisses menacingly.
The giant gecko barely misses you. x2
You hit the giant gecko.
The giant gecko is almost dead.
The giant gecko completely misses you.
You hit the giant gecko.
You kill the giant gecko!
Unknown command.
You see here a bat corpse.
You butcher the bat corpse.
g - 2 chunks of flesh (gained 1)
You start resting.
Magic restored.
You regained 3 hp, and now have 12/13 hp.
MP restored: 3 Unknown command.
Casting: Flame Tongue
Confirm with . or Enter, or press ? or * to list all spells.
Aiming: Flame Tongue
Press: ? - help, Shift-Dir - straight line, f - bat
Aim: a bat You miscast Flame Tongue.
You are very lightly contaminated with residual magic.
Nothing appears to happen.
The bat hits you but does no damage.
You now have 2/3 mp.
Casting: Flame Tongue
Confirm with . or Enter, or press ? or * to list all spells.
Aiming: Flame Tongue
Press: ? - help, Shift-Dir - straight line, f/p - bat
Aim: a bat The flame tongue hits the bat.
The bat is severely wounded.
The bat closely misses you. x2
You now have 1/3 mp.
Casting: Flame Tongue
Confirm with . or Enter, or press ? or * to list all spells.
Aiming: Flame Tongue
Press: ? - help, Shift-Dir - straight line, f/p - bat
Aim: a bat (severely wounded)
The flame tongue hits the bat.
You kill the bat!
You now have 0/3 mp.
Casting: Flame Tongue
Confirm with . or Enter, or press ? or * to list all spells.
You don't know that spell.
You start resting.
Your magical contamination has completely faded away.
You start resting.
HP restored.
Magic restored.
Health restored: 13; MP restored: 3
i - a meat ration {@e2} A bat comes into view.
Casting: Flame Tongue
Confirm with . or Enter, or press ? or * to list all spells.
You can't see any susceptible monsters within range! (Use Z to cast anyway.)
Casting: Flame Tongue
Confirm with . or Enter, or press ? or * to list all spells.
You can't see any susceptible monsters within range! (Use Z to cast anyway.)
Casting: Flame Tongue
Confirm with . or Enter, or press ? or * to list all spells.
You can't see any susceptible monsters within range! (Use Z to cast anyway.)
Casting: Flame Tongue
Confirm with . or Enter, or press ? or * to list all spells.
Aiming: Flame Tongue
Press: ? - help, Shift-Dir - straight line, f - bat
Aim: a bat The flame tongue hits the bat.
The bat is severely wounded.
The bat hits you but does no damage.
You now have 2/3 mp.
Casting: Flame Tongue
Confirm with . or Enter, or press ? or * to list all spells.
Aiming: Flame Tongue
Press: ? - help, Shift-Dir - straight line, f/p - bat
Aim: a bat (severely wounded)
The flame tongue hits the bat.
You kill the bat!
You have reached level 2!
Your demonic ancestry asserts itself...
You feel the presence of a demonic guardian.
Health restored: 19 You now have 1/5 mp.
You start resting.
Magic restored.
MP restored: 5 Are you sure you want to abandon this character and quit the game? (Confirm with "yes".) ██ █.█ █.█ █.█ ███████

██ █.██.......
█.█
██@.....!..
█.█
██.██.█.....
█.███.██ .█
... █.█.██ .█
. █.██ █.██
█.█ █...
███.███†.█████
█...██.......█
█......█


There were no monsters in sight!

Vanquished Creatures
  A giant gecko (D:1)
  A hobgoblin (D:1)
  A kobold (D:1)
  4 bats (D:1)
  A rat (D:1)
8 creatures vanquished.

Notes
Turn   | Place    | Note
--------------------------------------------------------------
     0 | D:1      | Goblin1989 the Demonspawn Fire Elementalist began the quest for the Orb.
     0 | D:1      | Reached XP level 1. HP: 13/13 MP: 3/3
   251 | D:1      | Gained mutation: A weak demonic guardian rushes to your aid. [demonic ancestry]
   251 | D:1      | Reached XP level 2. HP: 19/19 MP: 1/5
   294 | D:1      | Quit the game

Action                   || total
-------------------------++-------
Melee: Club              ||     6
 Cast: Flame Tongue      ||    11
Armor: Robe              ||     3
Dodge: Dodged            ||    13

Vault maps used:
D:1:      dpeg_arrival_rooms_with_view
